 Dungeon Crawl Stone Soup version 0.30-a0-263-ge22c4ad894 (webtiles) character file.

Game seed: 9579175294705084087

155 sscrono2 the Sneak (level 5, 0/36 HPs)
             Began as an Octopode Delver on Oct 13, 2022.
             Succumbed to a scorpion's poison
             ... on level 5 of the Dungeon.
             The game lasted 00:01:21 (208 turns).

sscrono2 the Sneak (Octopode Delver)                 Turns: 208, Time: 00:01:22

Health: 0/36       AC:  1    Str: 13    XL:     5   Next: 37%
Magic:  5/5        EV: 13    Int: 13    God:
Gold:   0          SH:  0    Dex: 13    Spells: 4/4 levels left

rFire   . . .      SeeInvis .      - Unarmed
rCold   . . .      Faith    .    (no shield)
rNeg    . . .      Spirit   .    (helmet restricted)
rPois   .          Reflect  .    (no amulet)
rElec   .          Harm     .    (no ring)
rCorr   .          Rampage  .    (no ring)
Will    .....                    (no ring)
Stlth   ++++......               (no ring)
HPRegen 0.26/turn                (no ring)
MPRegen 0.09/turn                (no ring)
                                 (no ring)
                                 (no ring)

@: mighty, lethally poisoned (0 -> -21)
A: almost no armour, amphibious, 8 rings, camouflage 1, gelatinous body 1,
(nimble swimmer 1), tentacles
a: no special abilities


You were on level 5 of the Dungeon.
You visited 1 branch of the dungeon, and saw 1 of its levels.

Inventory:

Wands
 e - a wand of digging (3)
Scrolls
 a - a scroll of fog
 b - a scroll of magic mapping
 c - a scroll of identify {unknown}
 g - a scroll of teleportation {unknown}
 h - a scroll of fear
Potions
 d - a potion of haste


   Skills:
 - Level 3.0 Fighting
 - Level 2.0 Dodging
 - Level 6.6 Stealth
 + Level 5.4 Unarmed Combat


You had 4 spell levels left.
You didn't know any spells.
Your spell library was empty.

Dungeon Overview and Level Annotations

Branches:
Dungeon (5/15)
 Temple: D:4-7

Altars:
Zin

Annotations:
D:5 3 runed translucent doors, blackman's ghost, weakling HuDe


Innate Abilities, Weirdness & Mutations

You cannot wear most types of armour.
You are amphibious.
You can wear up to eight rings at the same time.
Your skin changes colour to match your surroundings (Stealth+).
Your rubbery body absorbs attacks. (AC +1, EV +1)
((You are camouflaged when in or above water. (Stealth+)))
You have tentacles for arms and can constrict up to eight enemies at once.


Message History

Unknown command.
An ice beast comes into view.
You see here a +0 pair of gloves.
You barely miss the scorpion. Your grab misses the scorpion.
Your squeeze misses the scorpion. The scorpion closely misses you.
You completely miss the scorpion. You grab the scorpion.
You squeeze the scorpion, but do no damage.
You constrict the scorpion, but do no damage.
The scorpion stings you.
You are poisoned.
The scorpion poisons you!
You barely miss the scorpion. You squeeze the scorpion!
The scorpion is heavily wounded.
You constrict the scorpion, but do no damage.
You feel very sick. The scorpion closely misses you.
You tentacle-slap the scorpion but do no damage.
You squeeze the scorpion, but do no damage.
The scorpion is heavily wounded.
You constrict the scorpion.
You feel sick. The scorpion stings you.
You are more poisoned.
The scorpion poisons you!
Unknown command.
You tentacle-slap the scorpion.
The scorpion is severely wounded.
You constrict the scorpion.
You feel very sick. The scorpion stings you!
You are more poisoned.
The scorpion poisons you!
You tentacle-slap the scorpion.
You kill the scorpion!
* * * LOW HITPOINT WARNING * * *
You feel extremely sick.
Your Unarmed Combat skill increases to level 5!
You have reached level 5!
You feel clever.
It was a potion of might.
You feel very mighty all of a sudden.
You die...

.#..#.#..#...##.........>.
#.......#................ ..
#...:c..#................
#..###+++###...#.....###.#†.
..................##.###....
$..............#####......##
....###................##.#
...##...[.##......###.###.#
# #..###.†@......# #.....#
#.### ########### #####.##
... #... #..## #.#. ....
#... .Y.# ###. ... ## ..
###### #...†.


There were no monsters in sight!

Vanquished Creatures
  A scorpion (D:5)
  3 hounds (D:5)
  An adder (D:5)
5 creatures vanquished.

Notes
Turn   | Place    | Note
-------+----------+-------------------------------------------
     0 | D:5      | sscrono2 the Octopode Delver began the quest for the Orb.
     0 | D:5      | Reached XP level 1. HP: 16/16 MP: 1/1
     3 | D:5      | Noticed an orc priest
     8 | D:5      | Reached XP level 2. HP: 11/21 MP: 2/2
    64 | D:5      | Reached XP level 3. HP: 17/26 MP: 3/3
    68 | D:5      | Reached XP level 4. HP: 22/31 MP: 4/4
   134 | D:5      | Noticed an ice beast
   149 | D:5      | Found a glowing silver altar of Zin.
   175 | D:5      | Found a runed translucent gate.
   176 | D:5      | Found a runed translucent gate.
   177 | D:5      | Found a runed translucent gate.
   177 | D:5      | Noticed blackman's ghost (weakling HuDe)
   177 | D:5      | Noticed a necrophage
   177 | D:5      | Noticed a centaur
   184 | D:5      | Noticed a scorpion
   192 | D:5      | Noticed an ice beast
   207 | D:5      | Killed a scorpion
   208 | D:5      | Reached skill level 5 in Unarmed Combat
   208 | D:5      | Reached XP level 5. HP: 5/36 MP: 5/5
   208 | D:5      | Succumbed to a scorpion's poison

Illustrated notes

Levels and vault maps discovered:
D:5:      layout_rooms, zin_statuary, lemuel_coloured_pillars_altar,
          gammafunk_ghost_split, amcnicky_mini_pool_small,
          nicolae_shop_overcharged_wands

Skill      XL: |  1  2  3  4 |
---------------+-------------+-----
Unarmed Combat | 3 4 5 |  5.4
Fighting       | |  3.0
Dodging        | |  2.0
Stealth        | |  6.6

Action                   |  1- 3 |  4- 6 || total
-------------------------+-------+-------++-------
Melee: Unarmed           |    13 |     9 ||    22
       Tentacles         |     4 |     4 ||     8
       Constrict         |     2 |     2 ||     4
  Use: Scroll            |     1 |       ||     1
       Potion            |       |     1 ||     1
 Stab: Sleeping          |       |     1 ||     1
Armor: Skin              |     1 |       ||     1
Dodge: Dodged            |    15 |     4 ||    19

Table legend: (Time is in decaauts)
 A = Elapsed time spent in this place.
 B = Non-inter-level travel time spent in this place.
 C = Inter-level travel time spent in this place.
 D = Time resting spent in this place.
 E = Time spent auto-exploring this place.
 F = Levels seen in this place.
 G = Mean time per level.
                   A        B        C        D        E       F      G
               +--------+--------+--------+--------+--------+-----+--------+
         Total |    206 |    206 |      0 |      0 |    105 |   1 |  206.0 |
       Dungeon |    206 |    206 |      0 |      0 |    105 |   1 |  206.0 |
               +--------+--------+--------+--------+--------+-----+--------+

Top non-repeatable levels by time:
     D:5: 206 daAuts
